 Dungeon Crawl Stone Soup version 0.28.0-47-ge53b351184 (webtiles) character file.

Game seed: 8405608658397232574

78 CryoSword the Conjurer (level 3, -2/26 HPs)
             Began as a Demigod Conjurer on May 5, 2022.
             Slain by an iron imp (8 damage)
             ... summoned by Natasha
             ... on level 2 of the Dungeon.
             The game lasted 00:01:56 (1442 turns).

CryoSword the Conjurer (Demigod Conjurer)           Turns: 1442, Time: 00:01:56

Health: -2/26      AC:  2    Str:  7 (8)  XL:     3   Next: 94%
Magic:  1/8        EV: 12    Int: 21 (24) God:
Gold:   47         SH:  0    Dex: 11 (12) Spells: 2/5 levels left

rFire   . . .      SeeInvis .   c - +0 whip
rCold   . . .      Faith    .   (no shield)
rNeg    . . .      Spirit   .   a - +0 robe
rPois   .          Reflect  .   (no helmet)
rElec   .          Harm     .   (no cloak)
rCorr   .          Rampage  .   (no gloves)
Will    .....                   (no boots)
Stlth   ++........              (no amulet)
HPRegen 0.08/turn               (no ring)
MPRegen 0.11/turn               (no ring)

@: slowed, very slow
A: high MP 1, forlorn, divine attributes
a: no special abilities


You were on level 2 of the Dungeon.
You visited 1 branch of the dungeon, and saw 2 of its levels.

You collected 47 gold pieces.

Inventory:

Hand Weapons
 c - a +0 whip (weapon)
   (You found it on level 1 of the Dungeon)
Armour
 a - a +0 robe (worn)
 b - a +0 helmet
   (You found it on level 1 of the Dungeon)
Magical Staves
 h - a staff of fire
   (You found it on level 2 of the Dungeon)
Scrolls
 d - 3 scrolls of noise {unknown}
 i - a scroll of teleportation {unknown}
Potions
 e - a potion of mutation {unknown}
 g - a potion of ambrosia {unknown}


   Skills:
 - Level 1.7 Dodging
 - Level 1.7 Stealth
 - Level 1.7 Spellcasting
 + Level 5.2 Conjurations


You had 2 spell levels left.
You knew the following spells:

 Your Spells              Type           Power      Damage    Failure   Level
a - Magic Dart            Conj           92%        1d7       1%          1
b - Searing Ray           Conj           46%        2d6       2%          2

Your spell library contained the following spells:

 Spells                   Type           Power      Damage    Failure   Level
 Dazzling Flash           Conj/Hex       24%        N/A       16%         3
 Call Canine Familiar     Summ           1%         N/A       41%         3
 Portal Projectile        Hex/Tloc       2%         N/A       41%         3
 Fulminant Prism          Conj/Hex       6%         3d7       45%         4
 Iskenderun's Mystic Bla  Conj/Tloc      12%        2d5       45%         4
 Leda's Liquefaction      Hex/Erth       0%         N/A       83%         4


Dungeon Overview and Level Annotations

Branches:
Dungeon (2/15)

Shops:
D:2 (

Annotations:
D:2 Natasha


Innate Abilities, Weirdness & Mutations

You have an increased reservoir of magic. (+10% MP)
You shall have no god before yourself.
Your divine heritage dramatically boosts your attributes as you level up.


Message History

An adder is nearby!
The adder hisses angrily.
Aim: an adder (100% to hit)
The magic dart hits the adder.
The adder bites you. x2
Aim: an adder (moderately wounded, 100% to hit)
The magic dart hits the adder.
The adder closely misses you.
Aim: an adder (severely wounded, 100% to hit)
You miscast Magic Dart.
You are very lightly contaminated with residual magic.
Nothing appears to happen.
The adder bites you but does no damage.
Aim: an adder (severely wounded, 100% to hit)
The magic dart hits the adder.
The adder bites you. The adder closely misses you.
Aim: an adder (almost dead, 100% to hit)
The magic dart hits the adder.
The adder barely misses you.
Aim: an adder (almost dead, 100% to hit)
The magic dart hits the adder.
You kill the adder!
Your magical contamination has completely faded away.
You now have 41 gold pieces (gained 6).
An adder comes into view.
An adder is nearby!
An adder is nearby!
Aim: an adder (wandering, hasn't noticed you, 100% to hit)
The magic dart hits the adder.
The adder hisses angrily.
Aim: an adder (moderately wounded, 100% to hit)
The magic dart hits the adder!
The adder misses you.
Aim: an adder (almost dead, 100% to hit)
The magic dart hits the adder.
You kill the adder!
Your Conjurations skill increases to level 5!
A hobgoblin comes into view.
The hobgoblin shouts!
A hobgoblin is nearby!
A hobgoblin is nearby!
Aim: a hobgoblin (79% to hit)
The searing ray hits the hobgoblin!
You kill the hobgoblin! (Press . to maintain the ray.)
Found a stone staircase leading down.
You see here a hobgoblin corpse.
There is a stone staircase leading down here.
A goblin comes into view. It is wielding a +0 club.
A goblin is nearby!
A goblin is nearby!
Aim: a goblin, wielding a +0 club (asleep, 100% to hit)
The searing ray hits the goblin!
You kill the goblin! (Press . to maintain the ray.)
A hobgoblin comes into view.
Found Ukodwea's Antique Weapon Shop.
The hobgoblin shouts!
A dart slug comes into view.
An endoplasm comes into view.
There are monsters nearby!
There are monsters nearby!
A rat comes into view.
The dart slug launches a dart at you. The slug dart misses you.
You hit the hobgoblin. The hobgoblin misses you.
You hit the hobgoblin but do no damage. The hobgoblin barely misses you.
You barely miss the hobgoblin.
The hobgoblin hits you but does no damage.
You closely miss the hobgoblin. The hobgoblin hits you.
Aim: a hobgoblin (severely wounded, 79% to hit)
The searing ray misses the hobgoblin.
The searing ray hits the dart slug. (Press . to maintain the ray.)
The hobgoblin hits you.
The searing ray hits the hobgoblin!
You kill the hobgoblin!
The searing ray hits the dart slug!
You kill the dart slug!
A ball python comes into view.
A ball python is nearby!
A ball python is nearby!
Aim: a ball python (77% to hit)
The searing ray hits the ball python!
You kill the ball python! (Press . to maintain the ray.)
You see here a hobgoblin corpse.
You see here a dart slug corpse.
There is an entrance to Ukodwea's Antique Weapon Shop here.
A rat is nearby!
A rat is nearby!
A rat is nearby!
A rat is nearby!
There is a fountain of clear blue water here.
Aim: a rat (wandering, hasn't noticed you, 79% to hit)
The searing ray hits the rat!
You kill the rat! (Press . to maintain the ray.)
There is an entrance to Ukodwea's Antique Weapon Shop here.
There is a fountain of clear blue water here.
Found a radiant altar of Vehumet.
Found a stone staircase leading down.
You now have 47 gold pieces (gained 6).
There is a radiant altar of Vehumet here.
i - a scroll labelled XALOSHRASTRU A bat comes into view.
A bat is nearby!
A bat is nearby!
A bat is nearby!
An adder comes into view.
The adder hisses angrily.
Natasha, Servant of Life and Death comes into view.
Aim: an adder (66% to hit)
The searing ray hits the adder! (Press . to maintain the ray.) Natasha hisses angrily.
The searing ray hits the adder.
You kill the adder!
The bat closely misses you.
Restarting spell: Searing Ray (safe; 2% risk of failure)
Aim: a bat (69% to hit)
The searing ray hits the bat.
You kill the bat! (Press . to maintain the ray.) Natasha casts a spell.
Restarting spell: Searing Ray (safe; 2% risk of failure) That beam is likely to hit you.
Continue anyway?
Okay, then.
Natasha hisses.
Natasha stares at you and mumbles some strange words.
The magic dart hits you!
The crimson imp blinks!
Aim: a crimson imp (summoned, 69% to hit)
The searing ray hits the crimson imp.
The searing ray hits Natasha. (Press . to maintain the ray.)
The searing ray hits Natasha.
The searing ray misses the crimson imp.
You closely miss Natasha. Natasha claws you.
You don't have enough magic to cast this spell.
You barely miss Natasha. Natasha barely misses you.
You hit Natasha but do no damage. Natasha casts a spell at you.
You feel yourself slow down.
Natasha stares at you and mumbles some strange words.
The magic dart hits you!
* * * LOW HITPOINT WARNING * * *
Okay, then.
Aim: Natasha (severely wounded, 100% to hit)
The magic dart hits Natasha.
Natasha casts a spell.
The crimson imp picks up a beetle and eats it.
It was a potion of degeneration.
There was something very wrong with that liquid.
You feel weakened.
You feel dopey.
You feel clumsy.
Natasha stares at you and mumbles some strange words.
You resist with some effort.
The crimson imp blinks!
The iron imp hits you!
You die...

.........# #
.........# #.# .#
.......†.# #.# ##.
.....†...# ##.## ..
.........# ##...##
####.# # .........###
#..#..# #....#†#
...........###.....#
#.#.....
######.###..##.....##
#⌠.⌠##.. #.
##§h@5._5..# #.∩....#
#.
###.......###⌠.⌠.###
..
#........##........
..
#.######.....##.###
#. ##.......# #.
#....###..## ..
>.....## ##..## ..
##..#### #...† #.#
#######.###


You could see an iron imp (summoned), Natasha and a crimson imp (summoned).

Vanquished Creatures
  Natasha (D:2)
  3 adders (D:2)
  A dart slug (D:2)
  2 ball pythons
  2 bats
  2 endoplasms
  A goblin (D:2)
  4 hobgoblins
  4 jackals (D:1)
  A frilled lizard (D:1)
  2 rats
23 creatures vanquished.

Notes
Turn   | Place    | Note
-------+----------+-------------------------------------------
     0 | D:1      | CryoSword the Demigod Conjurer began the quest for the Orb.
     0 | D:1      | Reached XP level 1. HP: 14/14 MP: 5/5
   329 | D:1      | Reached skill level 4 in Conjurations
   567 | D:1      | Reached XP level 2. HP: 20/20 MP: 2/7
   928 | D:2      | Noticed Natasha
   933 | D:2      | Killed Natasha
   934 | D:2      | Reached XP level 3. HP: 16/26 MP: 2/8
   937 | D:2      | Learned a level 2 spell: Searing Ray
  1182 | D:2      | Reached skill level 5 in Conjurations
  1287 | D:2      | Found Ukodwea's Antique Weapon Shop.
  1425 | D:2      | Noticed Natasha
  1442 | D:2      | Slain by an iron imp

Illustrated notes

Levels and vault maps discovered:
D:1:      doesnt_arrival_eight_statues, layout_basic
D:2:      layout_rooms, serial_shops, shop_fountains,
          shapermc_ecumenical_altar_mp_vishouse, basic_altar, uniq_natasha

Skill      XL: |  1  2  3 |
---------------+----------+-----
Conjurations   | 4 5 |  5.2
Dodging        | |  1.7
Stealth        | |  1.7
Spellcasting   | |  1.7

Action                   || total
-------------------------++-------
Melee: Whip              ||    17
       Unarmed           ||     6
 Cast: Magic Dart        ||    39
       Searing Ray       ||     8
  Use: Potion            ||     1
Armor: Robe              ||     6
Dodge: Dodged            ||    30
